[gd_scene load_steps=9 format=2]

[ext_resource path="res://PathGen.gd" type="Script" id=1]

[sub_resource type="PlaneMesh" id=1]

[sub_resource type="SpatialMaterial" id=2]
flags_unshaded = true
albedo_color = Color( 0.192157, 0.192157, 0.192157, 1 )

[sub_resource type="Curve3D" id=3]
_data = {
"points": PoolVector3Array( -0.460097, -0.164221, -1.87512, 0.460097, 0.164221, 1.87512, 2.06227, 0.186846, -1.42295, 1.64633, 1.90924, -0.966817, -1.64633, -1.90924, 0.966817, -2.62766, 1.43771, -2.12148, 1.91004, 0.864807, -1.15902, -1.91004, -0.864807, 1.15902, -1.76573, 1.31893, 2.30731, -0.0878844, 0.295396, -3.91685, 0.0878844, -0.295396, 3.91685, 0.088264, 1.64661, 1.05991, -0.460097, -0.164221, -1.87512, 0.460097, 0.164221, 1.87512, 2.06227, 0.186846, -1.42295 ),
"tilts": PoolRealArray( 0, 0, 0, 0, 0 )
}

[sub_resource type="Curve3D" id=4]
_data = {
"points": PoolVector3Array( -0.819568, -0.59583, 1.82308, 0.819568, 0.59583, -1.82308, 1.4126, 0.406924, -3.39785, 0.27949, -0.527927, -0.344362, -0.27949, 0.527927, 0.344362, -1.65267, 0.979934, -3.83551, -1.12569, 0.409263, 0.0727342, 1.12569, -0.409263, -0.0727342, -2.29075, 0.405748, 0.616294, -0.819568, -0.59583, 1.82308, 0.819568, 0.59583, -1.82308, 1.4126, 0.406924, -3.39785 ),
"tilts": PoolRealArray( 0, 0, 0, 0 )
}

[sub_resource type="Curve3D" id=5]
_data = {
"points": PoolVector3Array( 0.228422, -3.23758, 0.445788, -0.228422, 3.23758, -0.445788, -0.708546, 9.3138, 5.18072, -0.315549, 0.019001, -0.0180459, 0.315549, -0.019001, 0.0180459, -0.775642, 9.15366, 4.90145, -0.227227, -0.609949, 0.859651, 0.227227, 0.609949, -0.859651, -0.775024, 7.56478, 4.41679, 0.114592, -0.115953, -1.85724, -0.114592, 0.115953, 1.85724, -0.762779, 5.5766, 3.54184, 0.379806, 0.523081, -0.348298, -0.379806, -0.523081, 0.348298, -0.676254, 4.7675, 3.06525, -0.184447, -0.431993, -1.13273, 0.184447, 0.431993, 1.13273, -0.621592, 3.12618, 2.27709, 0.301089, 0.670416, -0.156142, -0.301089, -0.670416, 0.156142, -0.494542, 1.87786, 1.55131, -0.104619, -0.668933, 0.298922, 0.104619, 0.668933, -0.298922, -0.78168, 3.98593, 1.24729, -0.117309, 1.92572, -0.539374, 0.117309, -1.92572, 0.539374, -0.491075, 1.42938, 1.03458, 0.228422, -3.23758, 0.445788, -0.228422, 3.23758, -0.445788, -0.708546, 9.3138, 5.18072 ),
"tilts": PoolRealArray( 0, 0, 0, 0, 0, 0, 0, 0, 0, 0 )
}

[sub_resource type="CapsuleMesh" id=6]

[sub_resource type="CubeMesh" id=7]

[node name="Template" type="Spatial"]
script = ExtResource( 1 )
__meta__ = {
"_edit_lock_": true
}
framerate = 3
nb_frames = 200
export_filename = "super_anim"

[node name="MeshInstance" type="MeshInstance" parent="."]
transform = Transform( 40, 0, 0, 0, 40, 0, 0, 0, 40, 0, 0, 0 )
mesh = SubResource( 1 )
material/0 = SubResource( 2 )
__meta__ = {
"_edit_lock_": true
}

[node name="Path" type="Path" parent="."]
transform = Transform( 11.1835, 0, 0, 0, 4.20146, 0, 0, 0, 14.6007, 0, 0, 0 )
curve = SubResource( 3 )

[node name="PathFollow" type="PathFollow" parent="Path"]
transform = Transform( 1, 0, 0, 0, 1, 0, 0, 0, 0.999995, 2.06227, 0.186846, -1.42295 )
rotation_mode = 1

[node name="Path2" type="Path" parent="."]
transform = Transform( 10.6461, 0, 0, 0, 9.79892, 0, 0, 0, 6.22004, 0, 0, 0 )
curve = SubResource( 4 )

[node name="PathFollow" type="PathFollow" parent="Path2"]
transform = Transform( 1, 0, 0, 0, 1, 0, 0, 0, 1, 1.4126, 0.406924, -3.39785 )
rotation_mode = 1

[node name="Path3" type="Path" parent="."]
transform = Transform( 22.9354, 0, 0, 0, 1.47702, 0, 0, 0, 11.8668, 43.411, 0.953874, -36.2138 )
curve = SubResource( 5 )

[node name="PathFollow" type="PathFollow" parent="Path3"]
transform = Transform( 0.936966, 0, 0.34942, 0, 0.999999, 0, -0.34942, 0, 0.936966, -0.708546, 9.3138, 5.18072 )
rotation_mode = 1

[node name="MeshInstance" type="MeshInstance" parent="Path3/PathFollow"]
transform = Transform( -0.102572, 0.264374, -0.267499, -0.0548215, -0.748496, -0.0881721, -0.308353, 0.0451309, 0.104658, 0, 0, 0 )
mesh = SubResource( 6 )
material/0 = null

[node name="MeshInstance2" type="MeshInstance" parent="Path3/PathFollow"]
transform = Transform( -0.102572, 0.0120278, 0.139842, -0.0548215, 0.298952, -0.737017, -0.308353, -0.0276897, -0.263491, 0, 0, 0 )
mesh = SubResource( 7 )
material/0 = null

[node name="MeshInstance3" type="MeshInstance" parent="Path3/PathFollow"]
transform = Transform( -0.102572, 0.0120278, 0.139842, -0.0548216, 0.298952, -0.737017, -0.308353, -0.0276897, -0.263491, 0, 0, 0 )
mesh = SubResource( 7 )
material/0 = null

[node name="Path4" type="Path" parent="."]
transform = Transform( 125.413, 0, 0, 0, 2.70404, 0, 0, 0, 13.9359, 78.2864, -2.32713, -45.8137 )
curve = SubResource( 5 )

[node name="PathFollow" type="PathFollow" parent="Path4"]
transform = Transform( 1, 0, 0, 0, 0.999999, 0, 0, 0, 1, -0.708546, 9.3138, 5.18072 )
rotation_mode = 1
